PCL
SACRAMENTO RIVER CATS @ SALT LAKE BEES
08/16/2098
 
TOP OF THE 1ST
Sacramento River Cats batting - Pitching for Salt Lake Bees : RHP Jason Holland
Pitching: RHP Jason Holland
Batting: RHB Luis Juarez 0-0: Ball
1-0: SINGLE (Line Drive, 89S, EV 94.4 MPH)
Batting: LHB Sergio Almanza 0-0: Called Strike
0-1: Called Strike
0-2: Strikes out swinging
Batting: RHB Chris Strong 0-0: Called Strike
0-1: Foul Ball, location: 2F
0-2: Ball
1-2: Ball
2-2: Foul Ball, location: 9LMF
2-2: Strikes out swinging
Batting: LHB Andy VanAsselberg 0-0: Called Strike
0-1: Ball
1-1: Ball
2-1: Ball
3-1: Called Strike
3-2: Strikes out looking
Top of the 1st over - 0 runs, 1 hit, 0 errors, 1 left on base; Sacramento 0 - Salt Lake 0
BOTTOM OF THE 1ST
Salt Lake Bees batting - Pitching for Sacramento River Cats : RHP Steve Deemer
Pitching: RHP Steve Deemer
Batting: RHB Bobby Williams 0-0: Foul Ball, location: 2F
0-1: Ball
1-1: Fly out, F8 (Flyball, 78D, EV 89.4 MPH)
Batting: LHB Jim Matthews 0-0: Foul Ball, location: 2F
0-1: Fly out, F8 (Line Drive, 78M, EV 101.9 MPH)
Batting: RHB Jimmy Powell 0-0: Foul Ball, location: 9LMF
0-1: Ball
1-1: Fly out, F7 (Flyball, 7LMF, EV 78.8 MPH)
Bottom of the 1st over - 0 runs, 0 hits, 0 errors, 0 left on base; Sacramento 0 - Salt Lake 0
TOP OF THE 2ND
Sacramento River Cats batting - Pitching for Salt Lake Bees : RHP Jason Holland
Batting: RHB Luis Jaramillo 0-0: Ball
1-0: Ball
2-0: Foul Ball, location: 9LDF
2-1: Ball
3-1: Foul Ball, location: 2F
3-2: Strikes out swinging
Batting: LHB Steve Ferguson 0-0: Ball
1-0: Called Strike
1-1: Foul Ball, location: 7LSF
1-2: DOUBLE (Groundball, 3L, EV 103.1 MPH)
Batting: RHB Jeff Cox 0-0: Foul Ball, location: 2F
0-1: Foul Ball, location: 23F
0-2: Ball
1-2: Foul Ball, location: 25F
1-2: Ball
2-2: Strikes out swinging
Batting: SHB Jody Tomko 0-0: Called Strike
0-1: Foul Ball, location: 2F
0-2: Foul Ball, location: 2F
0-2: Strikes out looking
Top of the 2nd over - 0 runs, 1 hit, 0 errors, 1 left on base; Sacramento 0 - Salt Lake 0
BOTTOM OF THE 2ND
Salt Lake Bees batting - Pitching for Sacramento River Cats : RHP Steve Deemer
Batting: LHB Roger Adkins 0-0: Ball
1-0: Ball
2-0: Ball
3-0: Called Strike
3-1: Foul Ball, location: 3F
3-2: Foul Ball, location: 9LMFF
3-2: Ground out U3 (Groundball, 3, EV 88.8 MPH)
Batting: RHB Roberto Lozano 0-0: Ball
1-0: Ball
2-0: Swinging Strike
2-1: Foul Ball, location: 2F
2-2: Ball
3-2: Fly out, F8 (Flyball, 78M, EV 95.6 MPH)
Batting: LHB Ricky Sisneros 0-0: Swinging Strike
0-1: Ball
1-1: Foul Ball, location: 2F
1-2: Ball
2-2: Strikes out swinging
Bottom of the 2nd over - 0 runs, 0 hits, 0 errors, 0 left on base; Sacramento 0 - Salt Lake 0
TOP OF THE 3RD
Sacramento River Cats batting - Pitching for Salt Lake Bees : RHP Jason Holland
Batting: RHB Jason Flores 0-0: Foul Ball, location: 25F
0-1: Called Strike
0-2: Strikes out swinging
Batting: RHB Luis Juarez 0-0: Ground out U3 (Groundball, 34, EV 83.8 MPH)
Batting: LHB Sergio Almanza 0-0: Swinging Strike
0-1: Swinging Strike
0-2: Foul Ball, location: 2F
0-2: Strikes out swinging, 2-3 out at first.
Top of the 3rd over - 0 runs, 0 hits, 0 errors, 0 left on base; Sacramento 0 - Salt Lake 0
BOTTOM OF THE 3RD
Salt Lake Bees batting - Pitching for Sacramento River Cats : RHP Steve Deemer
Batting: RHB Clark Beach 0-0: Fly out, F3 (Popup, 4S, EV 71.3 MPH)
Batting: RHB Rey Silva 0-0: Swinging Strike
0-1: Foul Ball, location: 2F
0-2: Ball
1-2: Strikes out swinging, 2-3 out at first.
Batting: RHB Adam Scott 0-0: Ball
1-0: Ground out 6-3 (Groundball, 6M, EV 90.0 MPH)
Bottom of the 3rd over - 0 runs, 0 hits, 0 errors, 0 left on base; Sacramento 0 - Salt Lake 0
TOP OF THE 4TH
Sacramento River Cats batting - Pitching for Salt Lake Bees : RHP Jason Holland
Batting: RHB Chris Strong 0-0: Ball
1-0: Called Strike
1-1: Ball
2-1: Called Strike
2-2: Ground out 5-3 (Groundball, 56S, EV 88.1 MPH)
Batting: LHB Andy VanAsselberg 0-0: Fly out, F7 (Flyball, 7S, EV 84.4 MPH)
Batting: RHB Luis Jaramillo 0-0: Called Strike
0-1: Ball
1-1: Called Strike
1-2: Strikes out swinging
Top of the 4th over - 0 runs, 0 hits, 0 errors, 0 left on base; Sacramento 0 - Salt Lake 0
BOTTOM OF THE 4TH
Salt Lake Bees batting - Pitching for Sacramento River Cats : RHP Steve Deemer
Batting: RHB Bobby Williams 0-0: Called Strike
0-1: Ground out 6-3 (Groundball, 6, EV 107.5 MPH)
Batting: LHB Jim Matthews 0-0: Ground out 4-3 (Groundball, 4S, EV 83.1 MPH)
Batting: RHB Jimmy Powell 0-0: Called Strike
0-1: Swinging Strike
0-2: Ball
1-2: Strikes out swinging
Bottom of the 4th over - 0 runs, 0 hits, 0 errors, 0 left on base; Sacramento 0 - Salt Lake 0
TOP OF THE 5TH
Sacramento River Cats batting - Pitching for Salt Lake Bees : RHP Jason Holland
Batting: LHB Steve Ferguson 0-0: Ball
1-0: Called Strike
1-1: Ball
2-1: Ball
3-1: Swinging Strike
3-2: Fly out, F9 (Flyball, 89XD, EV 92.5 MPH)
Batting: RHB Jeff Cox 0-0: Ball
1-0: Called Strike
1-1: Fly out, F8 (Flyball, 89S, EV 85.0 MPH)
Batting: SHB Jody Tomko 0-0: Called Strike
0-1: Swinging Strike
0-2: Strikes out swinging
Top of the 5th over - 0 runs, 0 hits, 0 errors, 0 left on base; Sacramento 0 - Salt Lake 0
BOTTOM OF THE 5TH
Salt Lake Bees batting - Pitching for Sacramento River Cats : RHP Steve Deemer
Batting: LHB Roger Adkins 0-0: Called Strike
0-1: Swinging Strike
0-2: Foul Ball, location: 3F
0-2: Ball
1-2: Ball
2-2: SINGLE (Line Drive, 5D, EV 106.3 MPH)
Batting: RHB Roberto Lozano 0-0: Called Strike
0-1: Fly out, F7 (Flyball, 7S, EV 86.3 MPH)
Batting: LHB Ricky Sisneros 0-0: Called Strike
0-1: Swinging Strike
0-2: 2-RUN HOME RUN (Flyball, 89XD, EV 96.3 MPH), Distance : 389 ft
Batting: RHB Clark Beach 0-0: Ball
1-0: Ball
2-0: Ball
3-0: Base on Balls
Batting: RHB Rey Silva 0-0: Grounds into double play, 6-4-3 (Groundball, 6M, EV 97.5 MPH)
Bottom of the 5th over - 2 runs, 2 hits, 0 errors, 0 left on base; Sacramento 0 - Salt Lake 2
TOP OF THE 6TH
Sacramento River Cats batting - Pitching for Salt Lake Bees : RHP Jason Holland
Batting: RHB Jason Flores 0-0: Ball
1-0: Called Strike
1-1: Fly out, F4 (Line Drive, 4, EV 73.1 MPH)
Batting: RHB Luis Juarez 0-0: Fly out, F7 (Flyball, 7D, EV 78.8 MPH)
Batting: LHB Sergio Almanza 0-0: Called Strike
0-1: Foul Ball, location: 2F
0-2: Foul Ball, location: 3FF
0-2: Ball
1-2: Ball
2-2: SINGLE (Line Drive, 8RS, EV 90.6 MPH)
Batting: RHB Chris Strong 0-0: Foul Ball, location: 25F
0-1: Called Strike
0-2: Ball
1-2: Foul Ball, location: 2F
1-2: Ball
2-2: Foul Ball, location: 2F
2-2: Fielders Choice at 2nd, 6-4 (Groundball, 6MD, EV 83.1 MPH)
Top of the 6th over - 0 runs, 1 hit, 0 errors, 1 left on base; Sacramento 0 - Salt Lake 2
BOTTOM OF THE 6TH
Salt Lake Bees batting - Pitching for Sacramento River Cats : RHP Steve Deemer
Batting: RHB Adam Scott 0-0: Called Strike
0-1: Ball
1-1: Ball
2-1: Ball
3-1: Base on Balls
Pitching: RHP Zachary Dyer
Batting: RHB Bobby Williams 0-0: SINGLE (Line Drive, 7LM, EV 103.1 MPH)
Adam Scott to second
Batting: LHB Jim Matthews 0-0: Ball
1-0: Ball
2-0: Grounds into double play, 4-6-3 (Groundball, 4S, EV 80.0 MPH)
Adam Scott to third
Batting: RHB Jimmy Powell 0-0: Swinging Strike
0-1: Ball
1-1: Ball
2-1: DOUBLE (Groundball, 5L, EV 103.8 MPH)
Adam Scott scores
Batting: LHB Roger Adkins 0-0: Intentional Walk
Batting: RHB Roberto Lozano 0-0: Foul Ball, location: 9LMF
0-1: Swinging Strike
0-2: SINGLE (Line Drive, 8RS, EV 100.0 MPH)
Jimmy Powell to third
Roger Adkins to second
Batting: LHB Ricky Sisneros 0-0: Called Strike
0-1: Ball
1-1: Fly out, F8 (Flyball, 8LM, EV 95.6 MPH)
Bottom of the 6th over - 1 run, 3 hits, 0 errors, 3 left on base; Sacramento 0 - Salt Lake 3
TOP OF THE 7TH
Sacramento River Cats batting - Pitching for Salt Lake Bees : RHP Jason Holland
Batting: LHB Andy VanAsselberg 0-0: Swinging Strike
0-1: Fly out, F6 (Popup, 6, EV 70.0 MPH)
Batting: RHB Luis Jaramillo 0-0: Ball
1-0: Ball
2-0: SINGLE (Flyball, 3D, EV 84.4 MPH)
Batting: LHB Steve Ferguson 0-0: Foul Ball, location: 3F
0-1: Ball
1-1: Ball
2-1: Swinging Strike
2-2: Foul Ball, location: 3DF
2-2: Fly out, F9 (Flyball, 89M, EV 95.0 MPH)
Batting: RHB Jeff Cox 0-0: Foul Ball, location: 2F
0-1: Swinging Strike
0-2: Foul Ball, location: 2F
0-2: Fly out, F7 (Flyball, 78D, EV 83.1 MPH)
Top of the 7th over - 0 runs, 1 hit, 0 errors, 1 left on base; Sacramento 0 - Salt Lake 3
BOTTOM OF THE 7TH
Salt Lake Bees batting - Pitching for Sacramento River Cats : RHP Zachary Dyer
Batting: RHB Clark Beach 0-0: Ball
1-0: Foul Ball, location: 9LDF
1-1: Swinging Strike
1-2: Foul Ball, location: 2F
1-2: Ball
2-2: Foul Ball, location: 3SF
2-2: Strikes out swinging
Batting: RHB Rey Silva 0-0: Ball
1-0: Ball
2-0: Ball
3-0: Base on Balls
Batting: RHB Adam Scott 0-0: Fly out, F7 (Flyball, 78S, EV 86.9 MPH)
Batting: RHB Bobby Williams 0-0: SINGLE (Line Drive, 56D, EV 96.3 MPH)
Rey Silva to second
Batting: LHB Jim Matthews 0-0: Ball
1-0: Fly out, F8 (Flyball, 8RD, EV 87.5 MPH)
Bottom of the 7th over - 0 runs, 1 hit, 0 errors, 2 left on base; Sacramento 0 - Salt Lake 3
TOP OF THE 8TH
Sacramento River Cats batting - Pitching for Salt Lake Bees : RHP Jason Holland
Now in RF: Jordan Anderson
Batting: SHB Jody Tomko 0-0: Ball
1-0: Ball
2-0: Called Strike
2-1: Swinging Strike
2-2: Strikes out looking
Batting: RHB Jason Flores 0-0: Foul Ball, location: 9LSF
0-1: Ball
1-1: Ball
2-1: Ball
3-1: Base on Balls
Batting: RHB Luis Juarez 0-0: Called Strike
0-1: Grounds into double play, 4-6-3 (Groundball, 4M, EV 85.0 MPH)
Top of the 8th over - 0 runs, 0 hits, 0 errors, 0 left on base; Sacramento 0 - Salt Lake 3
BOTTOM OF THE 8TH
Salt Lake Bees batting - Pitching for Sacramento River Cats : RHP Zachary Dyer
Batting: RHB Jimmy Powell 0-0: Ball
1-0: DOUBLE (Flyball, 89XD, EV 103.8 MPH)
Batting: LHB Roger Adkins 0-0: Intentional Walk
Batting: RHB Roberto Lozano 0-0: SINGLE (Flyball, 8RS, EV 88.1 MPH)
Jimmy Powell to third
Roger Adkins to second
Batting: LHB Ricky Sisneros 0-0: Ball
1-0: Fly out, F9 (Flyball, 9LM, EV 95.0 MPH)
Runner from 3rd tags up, SCORES, throw by RF
Batting: RHB Clark Beach 0-0: Called Strike
0-1: Grounds into double play, 6-4-3 (Groundball, 6M, EV 79.4 MPH)
Bottom of the 8th over - 1 run, 2 hits, 0 errors, 1 left on base; Sacramento 0 - Salt Lake 4
TOP OF THE 9TH
Sacramento River Cats batting - Pitching for Salt Lake Bees : RHP Jason Holland
Batting: LHB Sergio Almanza 0-0: Swinging Strike
0-1: Ball
1-1: Ball
2-1: Called Strike
2-2: Foul Ball, location: 3F
2-2: Fly out, F8 (Flyball, 8LM, EV 84.4 MPH)
Batting: RHB Chris Strong 0-0: Foul Ball, location: 5FF
0-1: Ground out 5-3 (Groundball, 56S, EV 83.1 MPH)
Batting: LHB Andy VanAsselberg 0-0: Ball
1-0: Ball
2-0: Ball
3-0: Base on Balls
Batting: RHB Luis Jaramillo 0-0: Swinging Strike
0-1: Swinging Strike
0-2: Strikes out swinging
Top of the 9th over - 0 runs, 0 hits, 0 errors, 1 left on base; Sacramento 0 - Salt Lake 4
Friday, April 12th , 2024 - OOTP Baseball 24.11 Build 85